 Dungeon Crawl Stone Soup version 0.18-a0-1160-geb89fc2 (webtiles) character file.

296 kae the Ruffian (level 6, -1/51 HPs)
             Began as a Minotaur Fighter on Jan 24, 2016.
             Was a Follower of Qazlal.
             Slain by Duvessa
             ... wielding a +0 rapier of flaming
              (6 damage)
             ... on level 4 of the Dungeon.
             The game lasted 00:02:17 (2859 turns).

kae the Ruffian (Minotaur Fighter)                  Turns: 2859, Time: 00:02:17

Health: -1/51      AC:  6    Str: 20    XL:     6   Next: 12%
Magic:  0/5        EV:  9    Int:  7    God:    Qazlal [*.....]
Gold:   196        SH:  1    Dex: 10    Spells: 0 memorised, 5 levels left

rFire  . . .     SeeInvis .       - Unarmed
rCold  . . .     Gourm    .     a - +0 scale mail
rNeg   . . .     Faith    .     (no shield)
rPois  .         Spirit   +     (helmet restricted)
rElec  .         Dismiss  .     (no cloak)
rCorr  .         Reflect  .     (no gloves)
SustAt .         Harm     .     (no boots)
MR     +....                    u - amulet of guardian spirit
Stlth  ..........               q - ring of protection from magic
                                (no ring)

@: about to teleport, somewhat resistant to hostile enchantments, extremely
unstealthy
A: retaliatory headbutt, horns 2
a: Renounce Religion


You were on level 4 of the Dungeon.
You worshipped Qazlal.
Qazlal was aware of your devotion.
You were not hungry.

You visited 1 branch of the dungeon, and saw 4 of its levels.

You collected 196 gold pieces.

Inventory:

Armour
 a - a +0 scale mail (worn)
Jewellery
 q - a ring of protection from magic (right hand)
 u - an amulet of guardian spirit (around neck)
Wands
 n - a wand of polymorph (19/24)
 o - a wand of frost (34/48)
Scrolls
 b - a scroll of fog {unknown}
 g - 2 scrolls of identify
 l - a scroll of remove curse
Potions
 c - a potion of might
 f - 2 potions of cure mutation
 h - a potion of resistance {unknown}
 i - 2 potions of heal wounds {unknown}
 k - 2 potions of curing {unknown}
 m - 2 potions of mutation {unknown}
 p - 2 potions of cancellation {unknown}
 r - a potion of flight {unknown}
Comestibles
 d - 2 bread rations
 j - a meat ration
 s - a beef jerky


   Skills:
 - Level 3.6 Fighting
 - Level 3.6 Armour
   Level 3.6 Shields
 + Level 7.1 Unarmed Combat


You had 5 spell levels left.
You didn't know any spells.

Dungeon Overview and Level Annotations

Branches:
Dungeon (4/15)             Temple (0/1) D:4

Altars:
Fedhas
Gozag
Qazlal
Xom
Zin

Annotations:
D:4 Duvessa


Innate Abilities, Weirdness & Mutations

You reflexively headbutt those who attack you in melee.
You have a pair of horns on your head.


Message History

You hit Duvessa.
Duvessa is moderately wounded.
Duvessa hits you with a rapier of flaming!
* * * LOW HITPOINT WARNING * * *
Duvessa burns you.
* * * LOW HITPOINT WARNING * * *
You are too injured to fight recklessly!
You are too injured to fight recklessly!
You are too injured to fight recklessly!
You are too injured to fight recklessly!
You are too injured to fight recklessly!
Drink which item? (? for menu, Esc to quit)
Okay, then.
Read which item? (? for menu, Esc to quit)
Okay, then.
Read which item? (? for menu, Esc to quit)
As you read the scroll of teleportation, it crumbles to dust.
You feel strangely unstable.
Duvessa hits you with a rapier of flaming!
You die...

#...#.# #
#...#.#######
#...#........
#...#.#......
##..ยง...(..##.
#....#.#.#.##.
#.##.....#.##.
######...........[.
#.@...(.....###....
#e#.............##.
#.####.####......<.
#. #.............
#. ########.#.#..
#. #..<.....#.###
#. ########.#.###
#. #.#.#.. #...#.#


You could see Duvessa (berserk).

Vanquished Creatures
  A scorpion (D:4)
  Dowan (D:4)
  A centaur skeleton (D:4)
  A hound skeleton (D:4)
  4 gnolls (D:3)
  6 adders
  A worm (D:3)
  3 giant geckos
  5 orcs
  7 bats
  3 giant cockroaches
  6 goblins
  6 hobgoblins
  4 jackals (D:1)
  3 kobolds
  A quokka (D:3)
  2 giant newts
  8 rats
63 creatures vanquished.

Notes
Turn   | Place    | Note
--------------------------------------------------------------
     0 | D:1      | kae the Minotaur Fighter began the quest for the Orb.
     0 | D:1      | Reached XP level 1. HP: 19/19 MP: 0/0
    83 | D:1      | Reached XP level 2. HP: 20/26 MP: 1/1
   901 | D:2      | Reached skill level 4 in Unarmed Combat
   901 | D:2      | Reached XP level 3. HP: 31/31 MP: 2/2
  1042 | D:2      | Noticed an air elemental
  1044 | D:2      | Found a stormy altar of Qazlal.
  1049 | D:2      | Noticed an earth elemental
  1073 | D:2      | Noticed a fire elemental
  1073 | D:2      | Noticed a water elemental
  1078 | D:2      | Became a worshipper of Qazlal Stormbringer
  1419 | D:3      | Reached XP level 4. HP: 39/39 MP: 3/3
  1553 | D:3      | Reached skill level 5 in Unarmed Combat
  1939 | D:3      | Reached XP level 5. HP: 42/45 MP: 4/4
  2324 | D:4      | Found a glowing silver altar of Zin.
  2336 | D:4      | Found a shimmering altar of Xom.
  2354 | D:4      | Found an opulent altar of Gozag.
  2458 | D:4      | Found a staircase to the Ecumenical Temple.
  2529 | D:4      | Reached skill level 6 in Unarmed Combat
  2532 | D:4      | Reached * piety under Qazlal
  2768 | D:4      | Found a blossoming altar of Fedhas.
  2847 | D:4      | Noticed Duvessa
  2847 | D:4      | Noticed Dowan
  2851 | D:4      | Killed Dowan
  2851 | D:4      | Reached skill level 7 in Unarmed Combat
  2851 | D:4      | Reached XP level 6. HP: 48/51 MP: 5/5
  2859 | D:4      | Slain by Duvessa

Vault maps used:
D:1:      dpeg_arrival_boxorama
D:2:      nicolae_overflow_hidden_temple, nicolae_qazlal_style_of_elements
D:3:      first_bread
D:4:      nicolae_overflow_quartered_altars, minmay_temple_entry_statues,
          uniq_duvessa

Action                   |  1- 3 |  4- 6 || total
-------------------------+-------+-------++-------
Melee: Unarmed           |   101 |    78 ||   179
  Use: Scroll            |       |    10 ||    10
  Eat: Chunk             |     2 |     4 ||     6
